Map: Thunderbird LE

Players

Makanoft - Winner!

  • Race: Zerg Zerg
  • League: Platinum
  • Spawn Location: 5:00

ShinjiGetIn

  • Race: Terran Terran
  • League: Platinum
  • Spawn Location: 11:00

VOD

Have the link to the VOD?

Description

Así, yo vivo el StarCraft

Time

  • Played on: Sept. 5, 2019, 2:13 p.m.
  • Length: 6:25
Show
View Real Time Build Order
Export as new Build Order

Makanoft Zerg - Winner!

Build Orders: Hatch First 

Get SALT Encoding   

  12  0:02  Drone  
  13  0:14  Drone  
  13  0:20  Drone, Extractor  
  15  0:33  Overlord  
  15  0:57  Drone x2  
  15  0:58  Drone  
  18  1:04  Hatchery  
  18  1:10  Drone  
  18  1:19  Spawning Pool  
  18  1:20  Drone  
  18  1:34  Drone  
  19  1:42  Drone  
  20  2:02  Drone  
  20  2:03  Extractor  
  20  2:07  Queen  
  22  2:11  Overlord  
  22  2:18  Spine Crawler  
  22  2:20  Zergling x4, Spine Crawler  
  22  2:24  Queen  
  22  2:28  Zergling x2  
  22  2:29  Zergling x2  
  26  2:34  Spine Crawler  
  25  2:37  Zergling x2  
  25  2:40  Zergling x2  
  27  2:48  Drone  
  28  3:06  Drone  
  28  3:07  Drone x3  
  32  3:29  Drone x2  
  32  3:30  Drone x2  
  36  3:34  Spine Crawler  
  36  3:37  Spine Crawler  
  36  3:40  Drone x2  
  36  3:42  Overlord x2  
  35  4:08  Zergling x8, Spine Crawler  
  38  4:10  Spine Crawler  
  35  4:20  Metabolic Boost  
  33  4:24  Queen  
  33  4:29  Zergling x6  
  37  4:39  Drone  
  36  4:50  Zergling x8  
  40  4:57  Spore Crawler  
  39  5:04  Queen  
  37  5:13  Drone x5  
  39  5:40  Spore Crawler, Queen  
  40  5:44  Hatchery  
  40  5:45  Zergling x4  
  40  5:46  Drone  
  38  6:09  Spore Crawler  
Show
View Real Time Build Order
Export as new Build Order

ShinjiGetIn Terran 

Build Orders: Liberator Opening, Reaper Expand 

Get SALT Encoding   

  12  0:05  SCV  
  13  0:17  SCV  
  13  0:21  Supply Depot  
  14  0:29  SCV  
  15  0:42  SCV  
  16  0:44  Barracks  
  16  0:54  SCV  
  16  0:57  Refinery  
  17  1:03  Refinery  
  17  1:07  SCV  
  18  1:19  SCV  
  19  1:31  Supply Depot  
  19  1:35  Orbital Command  
  19  1:37  Reaper  
  20  1:59  Command Center  
  20  2:02  SCV  
  21  2:11  Factory  
  21  2:31  Barracks  
  21  2:35  SCV  
  22  2:47  SCV  
  22  2:49  Marine  
  24  2:57  Factory Tech Lab  
  24  2:59  SCV  
  25  3:07  Marine  
  25  3:08  Starport  
  25  3:11  SCV  
  27  3:25  Marine  
  27  3:28  Marine  
  27  3:29  Liberator  
  27  3:40  Supply Depot  
  26  3:43  Marine  
  26  3:46  Marine  
  28  4:18  Supply Depot  
  15  4:38  Marine x2  
  15  4:41  Widow Mine  
  15  4:43  SCV  
  20  4:47  Orbital Command  
  20  4:55  SCV  
  20  4:56  Marine  
  20  5:14  Marine  
  20  5:16  Widow Mine  
  20  5:19  SCV x2  
  22  5:32  Marine  
  22  5:34  Supply Depot  
  20  5:48  SCV x2  
  22  5:50  Marine  
  22  6:01  SCV x2  
Tags
 
Add a new tag
Caveats
  • Supply blocks, unpowered buildings, or Contaminate may cause inaccurate times.
  • Supply counts are checked every 10 seconds.